 Dungeon Crawl Stone Soup version 0.24-a0-446-g87df7205b4 (webtiles) character file.

Game seed: 1782419767370702200

9328 KristoblXynda the Cleaver (level 11, -8/89 HPs)
             Began as a Minotaur Berserker on June 24, 2019.
             Was a High Priest of Trog.
             Killed from afar by a wizard (18 damage)
             ... with a stone arrow
             ... on level 11 of the Dungeon.
             The game lasted 00:15:54 (10011 turns).

KristoblXynda the Cleaver (Minotaur Berserker)     Turns: 10011, Time: 00:15:55

Health: -8/89      AC: 20    Str: 28    XL:     11   Next: 21%
Magic:  4/4        EV: 15    Int:  5    God:    Trog [*****.]
Gold:   686        SH:  0    Dex: 11    Spells: 10/10 levels left

rFire    . . .     SeeInvis +   E - +0 war axe (antimagic)
rCold    . . .     Gourm    .   (no shield)
rNeg     . . .     Faith    .   K - +0 plate armour
rPois    .         Spirit   .   (helmet restricted)
rElec    .         Reflect  .   u - +2 cloak
rCorr    .         Harm     .   v - +1 pair of gloves
MR       .....                  (no boots)
Stlth    ..........             (no amulet)
HPRegen  0.24/turn              c - +4 ring of evasion
MPRegen  0.09/turn              l - ring of see invisible

@: mighty, berserk cooldown, very slightly contaminated, slowed, very slow
A: retaliatory headbutt, horns 2
a: Berserk, Trog's Hand, Brothers in Arms, Renounce Religion


You were on level 11 of the Dungeon.
You worshipped Trog.
Trog was extremely pleased with you.
You were not hungry.

You visited 2 branches of the dungeon, and saw 12 of its levels.
You visited the Abyss 1 time.

You collected 686 gold pieces.

Inventory:

Hand Weapons
 E - a +0 antimagic war axe (weapon)
 M - a +0 morningstar
Missiles
 g - 3 javelins (quivered)
 H - a throwing net
Armour
 a - a scarf of spirit shield
 u - a +2 cloak (worn)
 v - a +1 pair of gloves (worn)
 K - a +0 plate armour (worn)
Jewellery
 c - a +4 ring of evasion (left hand)
 i - an uncursed ring of poison resistance
 l - a ring of see invisible (right hand)
 n - a +4 ring of intelligence
 p - an uncursed ring of flight
 z - an uncursed ring of wizardry
Wands
 t - a wand of iceblast (13)
 G - a wand of digging (3)
Scrolls
 b - a scroll of immolation
 e - 2 scrolls of enchant weapon
 f - a scroll of teleportation
 j - 2 scrolls of magic mapping
 o - 6 scrolls of remove curse
 r - 3 scrolls of fear
 y - a scroll of vulnerability
 B - a scroll of amnesia
 D - a scroll of enchant armour
Potions
 d - 2 potions of curing
 h - 3 potions of flight
 q - 2 potions of agility
 s - 2 potions of lignification
 A - 2 potions of haste
 C - a potion of mutation
 F - a potion of brilliance
 I - 2 potions of berserk rage
Comestibles
 w - 12 rations


   Skills:
 - Level 6.1 Fighting
 + Level 10.3 Axes
 + Level 7.7 Throwing
 + Level 9.7 Armour
 + Level 9.0 Dodging
 + Level 5.8 Evocations


You had 10 spell levels left.
You didn't know any spells.
Your spell library contained the following spells:

 Spells                   Type           Power        Failure   Level  Hunger
 Shock                    Conj/Air       #...         99%         1    ##.....
 Swiftness                Chrm/Air       #.......     100%        2    ###....
 Static Discharge         Conj/Air       #.......     100%        3    ####...
 Airstrike                Air            #.........   100%        4    #####..
 Lightning Bolt           Conj/Air       #.........   100%        5    ######.


Dungeon Overview and Level Annotations

Branches:
Dungeon (11/15)            Temple (1/1) D:7            Lair (0/6) D:9
    Orc: D:9-12

Altars:
Ashenzari
Cheibriados
Dithmenos
Elyvilon
Fedhas
Gozag
Hepliaklqana
Kikubaaqudgha
Makhleb
Nemelex Xobeh
Okawaru
Qazlal
Ru
Sif Muna
Trog
Uskayaw
Vehumet
Wu Jian
Xom
Yredelemnul
Zin
The Shining One

Shops:
D:4 (   D:5 ?

Annotations:
D:11 Sonja


Innate Abilities, Weirdness & Mutations

You reflexively headbutt those who attack you in melee.
You have a pair of horns on your head.


Message History

You furiously retaliate!
You headbutt the shadow wraith!
There is a gateway leading out of the Abyss here.
The shadow wraith hits you!
* * * LOW HITPOINT WARNING * * *
You pass through the gate.
Welcome back to the Dungeon!
Level annotation: Sonja 2 zombies come into view.
Sonja casts a spell.
Sonja blinks!
The wizard closely misses you. The hound barely misses you.
You furiously retaliate!
You headbutt the hound.
A quasit comes into view.
The wizard hits you but does no damage. The hound completely misses you.
You see here 2 curare-tipped darts.
You closely miss the hound.
The hound is lightly wounded.
You miss the wizard. The hound bites you but does no damage.
The wizard points at you and mumbles some strange words.
The stone arrow hits you!!
You die...

### ### #.# #.## #.#
#... #p# #... #@#
#... #h##### #...
####ZZ...##### #...
#...K5.......#####...
#..#####p............
#..# +..<..........
#..# #.....(.......
#..# #.............
#..# +.......(.....


You could see a wizard, Sonja, a hound, a quasit and 2 orc zombies.

Vanquished Creatures
  A two-headed ogre (D:9)
  A wizard (D:11)
  An orc sorcerer (D:11)
  A worldbinder (Abyss:3)
  A cyclops (D:10)
  A gargoyle (D:10)
  Psyche (D:8)
  A smoke demon (Abyss:3)
  An ancient zyme (Abyss:3)
  Grinder (D:3)
  A hippogriff (D:10)
  A wraith (D:11)
  A wyvern (D:8)
  A large abomination (Abyss:3)
  A chaos spawn (Abyss:3)
  4 yaks (D:9)
  A steam dragon (D:10)
  A water moccasin (D:7)
  An orc warrior (D:10)
  2 necrophages
  2 phantoms
  A black bear (D:9)
  An ice beast (D:10)
  3 starcursed masses (Abyss:3)
  8 ogres
  3 centaurs
  3 bullfrogs
  2 crocodiles (D:10)
  2 big kobolds
  A small abomination (Abyss:3)
  4 scorpions
  A water moccasin skeleton (D:6)
  4 wights (D:9)
  5 howler monkeys
  4 crimson imps
  3 hounds
  2 jellies
  4 orc priests
  Crazy Yiuf (D:3)
  2 bullfrog skeletons
  2 centaur skeletons
  5 iguanas
  5 orc wizards
  7 worker ants
  2 killer bee zombies (D:7)
  A worker ant zombie (D:8)
  4 gnolls
  7 adders
  3 shadow imps
  An ufetubus (Abyss:3)
  2 adder skeletons
  3 worms
  2 dart slugs (D:2)
  34 orcs
  4 giant cockroaches
  10 goblins
  4 hobgoblins
  7 jackals
  12 kobolds
  4 quokkas
  8 bats
  6 frilled lizards
  2 jackal skeletons
  A leopard gecko skeleton (D:6)
  A quokka skeleton (D:4)
  9 rats
226 creatures vanquished.

Vanquished Creatures (others)
  A wizard (D:9)
1 creature vanquished.

Grand Total: 227 creatures vanquished

Notes
Turn   | Place    | Note
-------+----------+-------------------------------------------
     0 | D:1      | KristoblXynda the Minotaur Berserker began the quest for
                  | the Orb.
     0 | D:1      | Reached XP level 1. HP: 19/19 MP: 0/0
   155 | D:1      | Reached skill level 4 in Axes
   159 | D:1      | Reached XP level 2. HP: 10/26 MP: 1/1
   843 | D:1      | Reached XP level 3. HP: 28/31 MP: 2/2
  1170 | D:2      | Reached XP level 4. HP: 40/40 MP: 3/3
  1202 | D:2      | Found a glowing silver altar of Zin.
  1297 | D:2      | Reached ** piety under Trog
  1386 | D:2      | Reached skill level 1 in Throwing
  1680 | D:3      | Noticed Grinder
  1686 | D:3      | Killed Grinder
  1686 | D:3      | Reached skill level 5 in Axes
  1686 | D:3      | Reached XP level 5. HP: 47/47 MP: 4/4
  1686 | D:3      | Reached XP level 6. HP: 53/53 MP: 5/5
  2179 | D:3      | Found a runed translucent door.
  2180 | D:3      | Noticed Crazy Yiuf
  2587 | D:3      | Killed Crazy Yiuf
  2967 | D:4      | Reached skill level 5 in Fighting
  3058 | D:4      | Reached XP level 7. HP: 61/61 MP: 6/6
  3147 | D:4      | Reached skill level 6 in Axes
  3147 | D:4      | Reached skill level 5 in Armour
  3364 | D:4      | Found Ebahion's Antique Weapon Shop.
  3439 | D:5      | Entered Level 5 of the Dungeon
  3548 | D:5      | Found Gimep's Magic Scroll Shop.
  4557 | D:6      | Reached skill level 5 in Dodging
  4557 | D:6      | Reached XP level 8. HP: 70/70 MP: 7/7
  4588 | D:6      | Reached *** piety under Trog
  5396 | D:6      | Found a radiant altar of Vehumet.
  5460 | D:7      | Reached skill level 1 in Evocations
  5728 | D:7      | Reached skill level 7 in Axes
  5881 | D:7      | Found a staircase to the Ecumenical Temple.
  5941 | Temple   | Entered the Ecumenical Temple
  6126 | D:7      | Found a sparkling altar of Nemelex Xobeh.
  6126 | D:7      | Found an opulent altar of Gozag.
  6127 | D:7      | Found a snail-covered altar of Cheibriados.
  6402 | D:8      | Reached XP level 9. HP: 72/73 MP: 9/9
  6491 | D:8      | Reached skill level 5 in Throwing
  6926 | D:8      | Found a white marble altar of Elyvilon.
  6931 | D:8      | Noticed Psyche
  6948 | D:8      | Killed Psyche
  6948 | D:8      | Reached skill level 8 in Axes
  7161 | D:8      | Found an ornate altar of the Wu Jian Council.
  7300 | D:8      | Reached **** piety under Trog
  7540 | D:9      | Noticed a two-headed ogre
  7553 | D:9      | Killed a two-headed ogre
  7553 | D:9      | Reached XP level 10. HP: 63/81 MP: 4/12
  7554 | D:9      | Reached skill level 9 in Axes
  8341 | D:9      | Found a staircase to the Lair.
  8365 | D:9      | Found a bloodstained altar of Trog.
  8366 | D:9      | Noticed a wizard
  8371 | D:9      | Killed a wizard
  8380 | D:9      | Identified a scroll of acquirement
  8387 | D:9      | Got a pair of distressingly furry boots
  8395 | D:9      | Identified the +2 pair of boots "Olannoim" {+Fly rCorr
                  | Str-5 Dex-5 Slay+5} (You acquired it on level 9 of the
                  | Dungeon)
  8408 | D:10     | Entered Level 10 of the Dungeon
  8476 | D:10     | Reached ***** piety under Trog
  8576 | D:10     | Noticed a cyclops
  8597 | D:10     | Killed a cyclops
  8990 | D:10     | Reached skill level 5 in Evocations
  9090 | D:10     | Noticed a gargoyle
  9105 | D:10     | Killed a gargoyle
  9733 | D:11     | Noticed an orc sorcerer
  9735 | D:11     | Noticed a wizard
  9741 | D:11     | Noticed a wizard
  9743 | D:11     | Killed an orc sorcerer
  9743 | D:11     | Reached skill level 10 in Axes
  9744 | D:11     | Noticed Sonja
  9746 | D:11     | Killed a wizard
  9746 | D:11     | Reached XP level 11. HP: 87/87 MP: 4/14
  9749 | D:11     | Cast into level 2 of the Abyss (a wizard)
  9783 | Abyss:2  | Noticed a bone dragon
  9861 | Abyss:3  | Noticed a deep elf archer
  9862 | Abyss:3  | Noticed a deep elf knight
  9862 | Abyss:3  | Noticed a deep elf archer
  9862 | Abyss:3  | Noticed a deep elf archer
  9976 | Abyss:3  | Found an ancient bone altar of Kikubaaqudgha.
  9986 | Abyss:3  | Noticed a starcursed mass
  9987 | Abyss:3  | Received a gift from Trog
  9999 | Abyss:3  | Noticed a vampire mage
 10006 | Abyss:3  | Noticed a shadow wraith
 10006 | Abyss:3  | Noticed a jiangshi
 10006 | Abyss:3  | Noticed a jiangshi
 10010 | D:11     | Escaped the Abyss
 10011 | D:11     | Killed from afar by a wizard

Levels and vault maps discovered:
D:1:      dpeg_arrival_boxorama, layout_basic
D:2:      layout_basic, zin_statuary, chequers_jeans, nrook_mini_backslash
D:3:      layout_basic, first_ration, uniq_crazy_yiuf_cottage, uniq_grinder
D:4:      layout_cave_pools, serial_shops, kennysheep_mini,
          minmay_misc_feat_more_columns
D:5:      layout_loops_corners, serial_shops, shop, minmay_joined_circles
D:6:      layout_basic, lemuel_coloured_pillars_altar
D:7:      layout_basic, gammafunk_temple_overflow_claw,
          minmay_temple_entry_offerings, grunt_ogre_cave
D:8:      layout_loops_corners, elyvilon_altar_5, lemuel_doored_altar,
          amethyst_killhole, uniq_psyche
D:9:      layout_rooms, lair_entry_dummy, trog_wizard
D:10:     layout_basic, special_room [special_room_orc]
D:11:     cheibrodos_wizards_tower, layout_irregular_city, zombieorc2_lemuel,
          serial_shops, kennysheep_mini_moat, shop, uniq_fannar, uniq_sonja
Temple:   eino_wide_crystal_templ

Skill      XL: |  1  2  3  4  5  6  7  8  9 10 11 |
---------------+----------------------------------+-----
Axes           | 4 5 6 7 8 10 | 10.3
Armour         | 3 4 5 6 8 9 |  9.7
Dodging        | 3 4 5 6 7 8 9 |  9.0
Throwing       | 2 3 4 6 7 |  7.7
Fighting       | 4 5 6 |  6.1
Evocations     | 2 4 5 |  5.8

Action                   |  1- 3 |  4- 6 |  7- 9 | 10-12 || total
-------------------------+-------+-------+-------+-------++-------
Melee: Hand axe          |    62 |    98 |   168 |       ||   328
       Headbutt          |    11 |    19 |    65 |    56 ||   151
       War axe           |       |       |   107 |   214 ||   321
       Unarmed           |       |       |    14 |    14 ||    28
Invok: Berserk           |     2 |     2 |     2 |     4 ||    10
       Trog's Hand       |       |       |       |     2 ||     2
  Use: Scroll            |       |     2 |    19 |     6 ||    27
       Potion            |       |       |       |     5 ||     5
  Eat: Chunk             |     3 |       |     9 |    10 ||    22
       Ration            |       |     2 |     2 |     1 ||     5
Armor: Animal skin       |     4 |       |       |       ||     4
       Chain mail        |    15 |    48 |   138 |    32 ||   233
       Plate armour      |       |       |       |    64 ||    64
       Skin              |       |       |       |     2 ||     2
Dodge: Dodged            |    42 |    61 |   208 |   193 ||   504

Table legend:
 A = Non-vault XP
 B = Vault XP
 C = Vault XP percentage of total XP
 D = Non-vault monster count
 E = Vault monster count
 F = Vault count percentage of total count
                 A         B        C        D         E       F
            +---------+---------+-------+---------+---------+-------
      Total |   10668 |    2658 |  19.9 |     198 |      28 |  12.4
            +---------+---------+-------+---------+---------+-------
        D:1 |      42 |       0 |   0.0 |      19 |       0 |   0.0
        D:2 |      79 |       0 |   0.0 |      20 |       0 |   0.0
        D:3 |      90 |     329 |  78.5 |      19 |       2 |   9.5
        D:4 |     498 |       0 |   0.0 |      13 |       0 |   0.0
        D:5 |       8 |     283 |  97.3 |       4 |       7 |  63.6
        D:6 |     553 |       0 |   0.0 |      18 |       0 |   0.0
        D:7 |     710 |     116 |  14.0 |      14 |       1 |   6.7
        D:8 |    1172 |     439 |  27.3 |      31 |       1 |   3.1
        D:9 |    2646 |       0 |   0.0 |      20 |       0 |   0.0
       D:10 |    2572 |     205 |   7.4 |      28 |      15 |  34.9
       D:11 |     263 |    1286 |  83.0 |       2 |       2 |  50.0
    Abyss:3 |    2035 |       0 |   0.0 |      10 |       0 |   0.0
            +---------+---------+-------+---------+---------+-------
